 Dungeon Crawl Stone Soup version 0.20.1-1-g8b1a95d (console) character file.

2695 hilaritas the Cleaver (level 9, -1/70 HPs)
             Began as a Formicid Fighter on Nov 25, 2017.
             Was an Initiate of Makhleb.
             Slain by a two-headed ogre
             ... wielding a +0 dire flail
              (10 damage)
             ... on level 8 of the Dungeon.
             The game lasted 00:14:39 (7935 turns).

hilaritas the Cleaver (Formicid Fighter)            Turns: 7935, Time: 00:14:39

Health: -1/70      AC: 11    Str: 24    XL:     9   Next: 96%
Magic:  11/11      EV:  7    Int:  8    God:    Makhleb [......]
Gold:   336        SH: 13    Dex: 10    Spells: 7/8 levels left

rFire    . . .     SeeInvis +   y - +5 war axe (freeze)
rCold    . . .     Gourm    .   e - +2 shield
rNeg     . . .     Faith    .   t - +0 chain mail
rPois    +         Spirit   .   (helmet unavailable)
rElec    .         Reflect  .   B - +1 cloak
rCorr    .         Harm     .   (no gloves)
MR       .....                  (no boots)
Stlth    ..........             (no amulet)
Regen    0.3/turn               p - ring of poison resistance
MPRegen  0.2/turn               (no ring)

@: no status effects
A: permanent stasis, dig shafts and tunnels, four strong arms, antennae 3
a: Dig, Shaft Self, Renounce Religion


You were on level 8 of the Dungeon.
You worshipped Makhleb.
Makhleb was noncommittal.
You were not hungry.

You visited 1 branch of the dungeon, and saw 8 of its levels.

You collected 336 gold pieces.

Inventory:

Hand Weapons
 a - a +1 war axe
 u - a +0 whip of electrocution
 y - a +5 war axe of freezing (weapon)
 A - a +0 battleaxe
Armour
 e - a +2 shield (worn)
 t - a +0 chain mail (worn)
 B - a +1 cloak (worn)
Jewellery
 p - a ring of poison resistance (left hand)
Wands
 x - a wand of flame (36/48)
Scrolls
 b - 3 scrolls of remove curse
 h - 2 scrolls of magic mapping
 i - 2 scrolls of fear
 l - 6 scrolls of identify
 r - a scroll of fog
 w - a scroll of enchant weapon
 z - a scroll of enchant armour
Potions
 g - a potion of agility {unknown}
 j - 3 potions of cancellation {unknown}
 m - a potion of invisibility {unknown}
 o - 4 potions of curing
 q - a potion of flight {unknown}
 s - 2 potions of heal wounds {unknown}
 v - a potion of degeneration {unknown}
Comestibles
 d - a royal jelly
 f - 5 bread rations
 k - 4 meat rations


   Skills:
 * Level 6.3 Fighting
 - Level 10.2 Axes
 + Level 3.7 Armour
 + Level 7.3 Shields
 * Level 3.3 Invocations


You had 7 spell levels left.
You knew the following spells:

 Your Spells              Type           Power        Failure   Level  Hunger
a - Apportation           Tloc           #.....       99%         1    ##.....


Dungeon Overview and Level Annotations

Branches:
Dungeon (8/15)             Temple (0/1) D:6
   Lair: D:8-11

Altars:
Ashenzari
Dithmenos
Elyvilon
Fedhas
Gozag
Kikubaaqudgha
Makhleb
Nemelex Xobeh
Qazlal
Sif Muna
Vehumet
Xom
Yredelemnul

Shops:
D:7 *


Innate Abilities, Weirdness & Mutations

You cannot be hasted, slowed, berserked, paralysed or teleported.
You can dig through walls and to a lower floor.
Your four strong arms can wield two-handed weapons with a shield.
You have a pair of large antennae on your head. (SInv)


Message History

The two-headed ogre hits you with a dire flail!
The two-headed ogre hits you with a giant club!!
You feel better. The two-headed ogre closely misses you.
You block the two-headed ogre's attack.
You hit the two-headed ogre but do no damage.
The two-headed ogre is heavily wounded.
You block the two-headed ogre's attack.
The two-headed ogre hits you with a giant club!
Your shield and chain mail prevent you from hitting the two-headed ogre.
The two-headed ogre is heavily wounded.
You hit the two-headed ogre. You freeze the two-headed ogre.
The two-headed ogre is severely wounded.
The two-headed ogre closely misses you.
The two-headed ogre hits you with a giant club!
* * * LOW HITPOINT WARNING * * *
You feel better.
The two-headed ogre hits you with a dire flail!!
* * * LOW HITPOINT WARNING * * *
The two-headed ogre hits you with a giant club!
You die...

#.....######.# ..........#
#....<# ..........#
#.....### #
..........######......####.#
...............#.####......#
......#.................####
.....................รท..+
#........O......##.....#
#..............Z##.....#
.......#......##O#......#
.......#......##@#...##....{
.......................>....
.###.....#.......#..#.#.....
........#.......#..#.#.....
........#.......#..#.# ...
........#.......#..#..
........#.......#...
........#####.......#
....### #........ #........
#...####.


You could see a two-headed ogre and a bullfrog zombie.

Vanquished Creatures
  Pikel (D:7)
  Joseph (D:7)
  Grinder (D:5)
  A steam dragon (D:7)
  3 ogres
  2 bullfrogs
  2 scorpions
  5 wights (D:6)
  2 howler monkeys
  2 crimson imps (D:5)
  3 hounds
  A jelly (D:5)
  A centaur skeleton (D:5)
  2 orc priests (D:3)
  5 orc wizards
  Crazy Yiuf (D:3)
  An iguana (D:4)
  Natasha (thrice) (D:3)
  3 worker ants
  A hound skeleton (D:6)
  4 gnolls
  11 adders
  A shadow imp (D:5)
  2 adder skeletons
  4 worms
  A dart slug (D:3)
  2 leopard geckos
  22 orcs
  A ball python (D:3)
  6 bats
  9 giant cockroaches
  6 goblins
  6 hobgoblins
  16 jackals
  2 quokkas
  6 frilled lizards
  A jackal skeleton (D:6)
  5 kobolds
  2 leopard gecko zombies
  10 rats
158 creatures vanquished.

Vanquished Creatures (others)
  A slave (D:7)
  A centaur skeleton (D:7)
  A gnoll (D:7)
3 creatures vanquished.

Grand Total: 161 creatures vanquished

Notes
Turn   | Place    | Note
-------+----------+-------------------------------------------
     0 | D:1      | hilaritas the Formicid Fighter began the quest for the Orb.
     0 | D:1      | Reached XP level 1. HP: 18/18 MP: 1/1
   484 | D:1      | Reached XP level 2. HP: 24/24 MP: 2/2
   993 | D:2      | Reached XP level 3. HP: 30/30 MP: 3/3
  1328 | D:2      | Reached skill level 3 in Axes
  1328 | D:2      | Reached XP level 4. HP: 25/37 MP: 4/4
  1756 | D:3      | Found an opulent altar of Gozag.
  1756 | D:3      | Found a deep blue altar of Sif Muna.
  1764 | D:3      | Found a stormy altar of Qazlal.
  1764 | D:3      | Found a shimmering altar of Xom.
  1764 | D:3      | Found a sparkling altar of Nemelex Xobeh.
  1768 | D:3      | Found a basalt altar of Yredelemnul.
  1826 | D:3      | Reached XP level 5. HP: 42/42 MP: 5/5
  1956 | D:3      | Reached skill level 4 in Axes
  1976 | D:3      | Noticed Natasha
  1982 | D:3      | Killed Natasha
  2050 | D:3      | Found a shadowy altar of Dithmenos.
  2110 | D:3      | Reached XP level 6. HP: 37/48 MP: 6/6
  2123 | D:3      | Reached skill level 5 in Axes
  2947 | D:3      | Noticed Natasha
  2956 | D:3      | Killed Natasha
  3043 | D:3      | Found a runed door.
  3047 | D:3      | Noticed Crazy Yiuf
  3052 | D:3      | Killed Crazy Yiuf
  3102 | D:3      | Noticed Natasha
  3113 | D:3      | Killed Natasha
  3113 | D:3      | Reached XP level 7. HP: 44/55 MP: 7/7
  3291 | D:4      | Reached skill level 6 in Axes
  3605 | D:4      | Reached skill level 5 in Shields
  4572 | D:4      | Reached skill level 7 in Axes
  4893 | D:5      | Entered Level 5 of the Dungeon
  4945 | D:5      | Found a burning altar of Makhleb.
  4946 | D:5      | Found a radiant altar of Vehumet.
  4961 | D:5      | Reached XP level 8. HP: 61/61 MP: 8/8
  4997 | D:5      | Noticed Grinder
  5007 | D:5      | Killed Grinder
  5007 | D:5      | Reached skill level 5 in Fighting
  5031 | D:5      | Reached skill level 8 in Axes
  5993 | D:5      | Became a worshipper of Makhleb the Destroyer
  6169 | D:6      | Found a shattered altar of Ashenzari.
  6290 | D:6      | Found an opulent altar of Gozag.
  6337 | D:6      | Found a staircase to the Ecumenical Temple.
  6366 | D:6      | Reached skill level 9 in Axes
  6366 | D:6      | Reached skill level 1 in Invocations
  6366 | D:6      | Reached XP level 9. HP: 58/68 MP: 9/9
  6545 | D:6      | Found a blossoming altar of Fedhas.
  6548 | D:6      | Found a white marble altar of Elyvilon.
  6551 | D:6      | Found an ancient bone altar of Kikubaaqudgha.
  7075 | D:7      | Noticed Pikel
  7089 | D:7      | Killed Pikel
  7089 | D:7      | Reached skill level 10 in Axes
  7150 | D:7      | Learned a level 1 spell: Apportation
  7482 | D:7      | Noticed Joseph
  7502 | D:7      | Killed Joseph
  7678 | D:7      | Found Seuxeot's General Store.
  7908 | D:8      | Noticed a two-headed ogre
  7935 | D:8      | Slain by a two-headed ogre

Skill      XL: |  1  2  3  4  5  6  7  8  9 |
---------------+----------------------------+-----
Fighting       | 4 5 6 |  6.3
Shields        | 4 5 7 |  7.3
Axes           | 3 4 5 7 9 10 | 10.2
Invocations    | 1 3 |  3.3
Armour         | |  3.7

Action                   |  1- 3 |  4- 6 |  7- 9 || total
-------------------------+-------+-------+-------++-------
Melee: War axe           |   135 |   176 |   300 ||   611
Throw: Throwing net      |       |     1 |       ||     1
  Use: Scroll            |       |       |    13 ||    13
       Potion            |       |       |     4 ||     4
  Eat: Chunk             |     2 |     6 |    15 ||    23
Armor: Scale mail        |    70 |       |       ||    70
       Chain mail        |     3 |    76 |   118 ||   197
Dodge: Dodged            |    49 |    46 |    52 ||   147
Block: Shield            |    91 |    84 |   140 ||   315
